 Dungeon Crawl Stone Soup version 0.26-b1-32-g5d43845318 (webtiles) character file.

Game seed: 4335520910318643851

25 Borgoz the Ducker (level 3, -2/30 HPs)
             Began as a Ghoul Gladiator on Jan 13, 2021.
             Slain by Sigmund
             ... wielding a +0 scythe
              (9 damage)
             ... on level 2 of the Dungeon.
             The game lasted 00:01:02 (1181 turns).

Borgoz the Ducker (Ghoul Gladiator)                 Turns: 1181, Time: 00:01:03

Health: -2/30      AC:  4    Str: 18    XL:     3   Next: 4%
Magic:  2/2        EV:  9    Int:  3    God:
Gold:   39         SH:  0    Dex: 10    Spells: 2/2 levels left

rFire    . . .     SeeInvis +   a - +0 flail
rCold    + . .     Faith    .   (no shield)
rNeg     + + +     Spirit   .   b - +0 leather armour
rPois    ∞         Reflect  .   c - +0 helmet
rElec    .         Harm     .   (no cloak)
rCorr    .         Rampage  .   (no gloves)
Will     .....                  (no boots)
Stlth    +.........             (no amulet)
HPRegen  0.00/turn              i - ring of see invisible
MPRegen  0.08/turn              (no ring)

@: brilliant, attractive, constricted
A: claws 1, cold resistance 1, negative energy resistance 3, inhibited
regeneration, torment resistance, unbreathing
a: no special abilities


You were on level 2 of the Dungeon.
You visited 1 branch of the dungeon, and saw 2 of its levels.

You collected 39 gold pieces.

Inventory:

Hand Weapons
 a - a +0 flail (weapon)
Missiles
 d - 3 throwing nets (quivered)
Armour
 b - a +0 leather armour (worn)
 c - a +0 helmet (worn)
Jewellery
 i - a ring of see invisible (left claw)
Scrolls
 g - a scroll of remove curse
 j - 2 scrolls of fear {unknown}
 k - a scroll of enchant weapon {unknown}
Potions
 f - a potion of attraction


   Skills:
 * Level 2.7 Fighting
 * Level 2.9 Maces & Flails
 - Level 1.7 Throwing
 * Level 1.0 Armour
 * Level 3.0 Dodging


You had 2 spell levels left.
You didn't know any spells.
Your spell library was empty.

Dungeon Overview and Level Annotations

Branches:
Dungeon (2/15)

Altars:

Annotations:
D:2 Sigmund


Innate Abilities, Weirdness & Mutations

You thrive by killing the living.
You are immune to poison.
You have sharp fingernails.
Your flesh is cold resistant. (rC+)
You are immune to negative energy. (rN+++)
You do not regenerate when monsters are visible.
You are immune to unholy pain and torment.
You can survive without breathing.


Message History

It was a potion of attraction.
You feel attractive to monsters. The kobold hits you with a +0 dagger.
The ball python closely misses you. The ball python grabs you.
The ball python constricts you.
It was a potion of curing.
You feel better. Sigmund barely misses you.
The kobold hits you but does no damage. The ball python barely misses you.
The ball python constricts you.
It was a potion of brilliance.
You feel clever all of a sudden.
Sigmund points at you and mumbles some strange words.
The magic dart hits you! The kobold hits you with a +0 dagger.
The ball python bites you.
* * * LOW HITPOINT WARNING * * *
The ball python constricts you.
You hit Sigmund.
Sigmund is lightly wounded.
The ball python bites you.
* * * LOW HITPOINT WARNING * * *
The ball python constricts you. Sigmund hits you with a +0 scythe!
You die...

##.....####
##...## ##'##
#.# #.# ##.##
##...####.#.
###...K.......
#.)..@@.....#.
......#.S.###<#
###..........
..
#...#...###.#
#####>...
#..### #...
#.##


You could see Sigmund, a ball python and a kobold.

Vanquished Creatures
  2 bats (D:1)
  2 giant cockroaches
  3 hobgoblins (D:1)
  7 jackals (D:1)
  A frilled lizard (D:1)
  4 kobolds (D:1)
  3 rats (D:1)
22 creatures vanquished.

Notes
Turn   | Place    | Note
-------+----------+-------------------------------------------
     0 | D:1      | Borgoz the Ghoul Gladiator began the quest for the Orb.
     0 | D:1      | Reached XP level 1. HP: 17/17 MP: 0/0
   435 | D:1      | Reached XP level 2. HP: 18/25 MP: 1/1
   877 | D:1      | Reached skill level 3 in Dodging
   884 | D:1      | Reached XP level 3. HP: 3/30 MP: 2/2
  1161 | D:2      | Reached skill level 1 in Armour
  1168 | D:2      | Noticed Sigmund
  1181 | D:2      | Slain by Sigmund

Illustrated notes

Levels and vault maps discovered:
D:1:      mrwooster_arrival_statue_3, layout_rooms, hangedman_decor_opposing
D:2:      layout_loops_corners, nicolae_overflow_crystal_walls, uniq_terence,
          uniq_natasha, uniq_sigmund

Skill      XL: |  1  2  3 |
---------------+----------+-----
Dodging        | 3 |  3.0
Armour         | 1 |  1.0
Fighting       | |  2.7
Maces & Flails | |  2.9
Throwing       | |  1.7

Action                   || total
-------------------------++-------
Melee: Flail             ||    85
  Use: Scroll            ||     1
       Potion            ||     3
Armor: Leather armour    ||    34
Dodge: Dodged            ||    86
